AoeStats
← TONIC

Black Forest

509921839Analyzed
4v4 RM · 5d ago on Sep 28, 2026· 25m 31s· 8 players
Game mode
Random Map
Map size
Large (8 player)
Population
200
Speed
Normal
Resources
Standard
Victory
Conquest
Starting age
Dark Age
Ending age
Imperial Age
RankedLock teamsTeams togetherTeam positionsShared explorationLock speedFull tech treeHidden civsTurbo modeCheats
Victory
Defeat
🇩🇪 Cumans · Germany
1081
+12
🇹🇷 Malians · Türkiye
1079
+12
🇹🇼 Slavs · Taiwan
1032
+14
🇹🇼 Britons · Taiwan
995
+17
🇩🇪 Britons · Germany
1044
-16
🇳🇱 Britons · Netherlands
1003
-14
🇩🇪 Italians · Germany
999
-14
🇹🇷 Byzantines · Türkiye
936
-11
Mario
1:23 Loom
12:37 Feudal Age
14:22 Double-Bit Axe
16:52 Castle Age
14:43 Horse Collar
18:07 Bow Saw
Sphere Of Light
9:50 Loom
13:01 Feudal Age
13:28 Double-Bit Axe
19:19 Castle Age
21:50 Fletching
Captain_Spirit
0:43 Loom
16:14 Feudal Age
21:49 Castle Age
24:50 Double-Bit Axe
Garp
10:00 Feudal Age
10:37 Double-Bit Axe
18:03 Castle Age
21:21 Bow Saw
21:48 Fishing Lines
22:24 Stone Mining
22:50 Horse Collar
25:36 Stone Shaft Mining
Monkidz
2:56 Loom
12:15 Feudal Age
17:43 Castle Age
15:55 Double-Bit Axe
16:44 Fletching
24:56 Wheelbarrow
kukucdenss
0:29 Loom
12:38 Feudal Age
14:36 Double-Bit Axe
15:45 Fletching
17:43 Scale Mail Armor
23:32 Padded Archer Armor
27:10 Castle Age
serqu
0:43 Loom
14:57 Feudal Age
19:08 Castle Age
17:34 Double-Bit Axe
20:44 Bow Saw
22:58 Horse Collar
25:28 Fletching
TONIC
3:43 Loom
12:44 Feudal Age
15:46 Double-Bit Axe
18:31 Horse Collar
22:27 Wheelbarrow
25:06 Castle Age
24:24 Scale Barding Armor
Connection lost

Rejoining the realm…

Still unreachable

The connection could not be restored.

Session expired

The server has moved on; the page needs a fresh start.